 Dungeon Sprint DCSS version 0.31-a0-965-g8a8ce12e04 (webtiles) character file.

Game seed: 14999291362844767090

402 fozzywoppz the Fighter (level 6, -6/66 HPs)
             Began as a Draconian Berserker on Oct 27, 2023.
             Was an Elder of Trog.
             Mangled by a two-headed ogre
             ... wielding a +0 giant spiked club
              (29 damage)
             ... in the Dungeon (Sprint IX: "|||||||||||||||||||||||||||||").
             The game lasted 00:02:06 (208 turns).

fozzywoppz the Fighter (Draconian Berserker)         Turns: 208, Time: 00:02:06

Health: -6/66      AC:  6    Str: 25    XL:     6   Next: 55%
Magic:  6/6        EV: 16    Int:  7    God:    Trog [****..]
Gold:   0          SH:  0    Dex: 10    Spells: 5/5 levels left

rFire   . .          .
                       - Unarmed
rCold   . . .        (no shield)
rNeg    . . .        (body armour unavailable)
rPois   .            (helmet restricted)
rElec   .            (no cloak)
rCorr   .            (no gloves)
SInv    .            (no boots)
Will    ++...        (no amulet)
Stlth   +            j - +2 ring of evasion
HPRegen 1.31/turn    k - +3 ring of strength
MPRegen 0.10/turn

%: no teleportation
@: strong-willed, regenerating
A: AC +6, unfitting armour, cold-blooded
a: Renounce Religion, Berserk, Trog's Hand, Brothers in Arms


You were in the Dungeon.
You worshipped Trog.
Trog was greatly pleased with you.
You visited 1 branch

Inventory:

Hand Weapons
 l - a +1 broad axe of electrocution
Armour
 i - a +0 cloak
Jewellery
 j - a +2 ring of evasion (left hand)
 k - a +3 ring of strength (right hand)
Wands
 h - a wand of acid (7)
Potions
 a - 5 potions of curing
 b - 2 potions of heal wounds
 c - a potion of haste
 d - 4 potions of magic
 e - a potion of berserk rage
 g - a potion of invisibility


   Skills:
 + Level 9.7 Fighting
 + Level 8.0 Dodging
 + Level 8.7 Unarmed Combat


You had 5 spell levels left.
You didn't know any spells.
Your spell library was empty.

Dungeon Overview and Level Annotations

Branches:
Dungeon (1/1)

Altars:
Cheibriados
Dithmenos
Elyvilon
Fedhas
Gozag
Hepliaklqana
Kikubaaqudgha
Makhleb
Nemelex Xobeh
Okawaru
Qazlal
Ru
Sif Muna
Trog
Uskayaw
Vehumet
Wu Jian
Xom
Yredelemnul
Zin
The Shining One
Jiyva
Lugonu


Innate Abilities, Weirdness & Mutations

Your plain brown scales are hard. (AC +6)
You cannot fit into any form of body armour.
You are cold-blooded and may be slowed by cold attacks.


Message History

The two-headed ogre closely misses you.
Unknown command.
Blink to where?
Press: ? - help, Dir - move target, p - troll
As you read the scroll of blinking, it crumbles to dust.
Okay, then.
You feel much better.
Okay, then.
Your skin crawls.
You feel strong-willed.
You punch the two-headed ogre!
The two-headed ogre is severely wounded.
The two-headed ogre hits you with a +0 giant spiked club!
The two-headed ogre completely misses you.
You punch the two-headed ogre! You tail-slap the two-headed ogre.
The two-headed ogre is almost dead.
The two-headed ogre closely misses you. x2
You hit the two-headed ogre but do no damage.
You tail-slap the two-headed ogre, but do no damage.
The two-headed ogre is severely wounded.
You barely miss the two-headed ogre.
You tail-slap the two-headed ogre, but do no damage.
The two-headed ogre is severely wounded.
The two-headed ogre barely misses you.
The two-headed ogre hits you with a +0 giant spiked club!
* * * LOW HITPOINT WARNING * * *
Unknown command.
Blink to where?
Press: ? - help, Dir - move target
As you read the scroll of blinking, it crumbles to dust.
Aiming: Corrosive Bolt
Press: ? - help, Shift-Dir - straight line The bolt of acid hits the two-headed ogre!
The two-headed ogre is almost dead.
The bolt of acid hits the orc warrior!
The acid corrodes the orc warrior!
The orc warrior is severely wounded.
Unknown command.
Press < or > to pray at altars.
The two-headed ogre hits you with a +0 giant spiked club!!
You die...

▓.▓
▓)▓
▓?▓
▓D▓
▓T▓
▓_▓
▓o▓
▓O▓
▓@▓
▓_▓
▓_▓
▓_▓
▓_▓
▓_▓
▓_▓
▓_▓
▓_▓


You could see a two-headed ogre, a troll, a steam dragon and an orc warrior
(corroded).

Vanquished Creatures
  A yak (D)
  An acid dragon (D)
  A black bear (D)
  2 iguanas (D)
  An adder (D)
  An orc (D)
  2 hobgoblins (D)
  A quokka (D)
  2 kobolds (D)
12 creatures vanquished.

Notes
Turn   | Place    | Note
-------+----------+-------------------------------------------
     0 | D        | fozzywoppz the Draconian Berserker began the quest for the
                  | Orb.
     0 | D        | Reached XP level 1. HP: 19/19 MP: 1/1
    21 | D        | Reached ** piety under Trog
    27 | D        | Reached skill level 4 in Fighting
    77 | D        | Noticed a black bear
    77 | D        | Noticed an iguana
    77 | D        | Noticed an iguana
    84 | D        | Reached XP level 2. HP: 27/28 MP: 2/2
    87 | D        | Reached *** piety under Trog
    88 | D        | Reached skill level 5 in Fighting
    88 | D        | Reached XP level 3. HP: 36/36 MP: 3/3
    97 | D        | Reached skill level 5 in Unarmed Combat
   102 | D        | Killed a black bear
   103 | D        | Reached skill level 7 in Fighting
   103 | D        | Reached XP level 4. HP: 33/47 MP: 4/4
   103 | D        | Reached XP level 5. HP: 36/52 MP: 5/5
   111 | D        | Found a snail-covered altar of Cheibriados.
   111 | D        | Found a shadowy altar of Dithmenos.
   111 | D        | Found a white marble altar of Elyvilon.
   111 | D        | Found a blossoming altar of Fedhas.
   111 | D        | Found an opulent altar of Gozag.
   112 | D        | Found a hazy altar of Hepliaklqana.
   113 | D        | Found a viscous altar of Jiyva.
   114 | D        | Found an ancient bone altar of Kikubaaqudgha.
   115 | D        | Found a corrupted altar of Lugonu.
   116 | D        | Found a burning altar of Makhleb.
   117 | D        | Found a sparkling altar of Nemelex Xobeh.
   118 | D        | Found an iron altar of Okawaru.
   119 | D        | Found a stormy altar of Qazlal.
   120 | D        | Found a sacrificial altar of Ru.
   121 | D        | Found a shimmering blue altar of Sif Muna.
   122 | D        | Found a bloodstained altar of Trog.
   123 | D        | Found a hide-covered altar of Uskayaw.
   124 | D        | Found a radiant altar of Vehumet.
   125 | D        | Found an ornate altar of the Wu Jian Council.
   126 | D        | Found a shimmering altar of Xom.
   127 | D        | Found a basalt altar of Yredelemnul.
   128 | D        | Found a glowing silver altar of Zin.
   129 | D        | Found a glowing golden altar of the Shining One.
   173 | D        | Noticed a steam dragon
   173 | D        | Noticed a troll
   173 | D        | Noticed an orc warrior
   173 | D        | Noticed a two-headed ogre
   173 | D        | Noticed a yak
   173 | D        | Noticed an acid dragon
   177 | D        | Killed an acid dragon
   177 | D        | Reached **** piety under Trog
   178 | D        | Reached skill level 8 in Fighting
   183 | D        | Killed a yak
   184 | D        | Reached skill level 9 in Fighting
   184 | D        | Reached XP level 6. HP: 50/66 MP: 6/6
   208 | D        | Mangled by a two-headed ogre

Illustrated notes

Levels and vault maps discovered:
D:        linesprint [early_d, line_temple, items_1, d_10, items_2, lair_1,
          lair_end, items_3, orc_1, orc_end, items_4, d_15, swamp_1, shoals_1,
          snake_1, spider_1, d_20, vaults_1, items_5, swamp_end, shoals_end,
          snake_end, spider_end, vaults_end, d_27, items_6, zot_1, zot_end,
          crypt_end, forest_end, elf_end, slime_end, tomb_end, abyss_end,
          pan_hell_end]

Skill      XL: |  1  2  3  4  5 |
---------------+----------------+-----
Dodging        | 3 4 6 8 |  8.0
Fighting       | 4 5 7 9 |  9.7
Unarmed Combat | 4 6 8 |  8.7

Action                     |  1- 3 |  4- 6 || total
---------------------------+-------+-------++-------
  Melee: Unarmed           |    46 |    17 ||    63
         Tailslap          |     3 |     4 ||     7
 Invoke: Trog's Hand       |       |     1 ||     1
  Evoke: Wand              |       |     3 ||     3
    Use: Scroll            |       |     2 ||     2
         Potion            |       |     1 ||     1
 Armour: Skin              |    21 |     7 ||    28
  Dodge: Dodged            |    25 |    16 ||    41

Table legend: (Time is in decaauts)
 A = Elapsed time spent in this place.
 B = Non-inter-level travel time spent in this place.
 C = Inter-level travel time spent in this place.
 D = Time resting spent in this place.
 E = Time spent auto-exploring this place.
 F = Levels seen in this place.
 G = Mean time per level.
                   A        B        C        D        E       F      G
               +--------+--------+--------+--------+--------+-----+--------+
         Total |    200 |    200 |      0 |     43 |      1 |   1 |  200.0 |
       Dungeon |    200 |    200 |      0 |     43 |      1 |   1 |  200.0 |
               +--------+--------+--------+--------+--------+-----+--------+

Top non-repeatable levels by time:
       D: 200 daAuts
